 Dungeon Crawl Stone Soup version 0.30-a0-715-gdb4ae3ece1 (webtiles) character file.

Game seed: 9770381579078654759

317 Zenkrye the Changer (level 7, -2/52 HPs)
             Began as a Meteoran Transmuter on Jan 23, 2023.
             Killed from afar by an orc wizard (6 damage)
             ... with a magic dart
             ... on level 4 of the Dungeon.
             The game lasted 00:09:40 (1680 turns).

Zenkrye the Changer (Meteoran Transmuter)           Turns: 1680, Time: 00:09:41

Health: -2/52      AC:  2    Str: 13    XL:     7   Next: 4%
Magic:  5/12       EV: 20    Int: 16    God:
Gold:   94         SH:  0    Dex: 19    Spells: 4/12 levels left

rFire   . . .      SeeInvis .      - Unarmed
rCold   . . .      Faith    .    (shield currently unavailable)
rNeg    . . .      Spirit   .    (body armour currently unavailable)
rPois   x          Reflect  .    (helmet currently unavailable)
rElec   .          Harm     .    (cloak currently unavailable)
rCorr   .          Rampage  .    (gloves currently unavailable)
Will    .....                    (boots currently unavailable)
Stlth   +                        i - amulet of the acrobat
HPRegen 0.28/turn                (no ring)
MPRegen 0.13/turn                (no ring)

@: spider-form, glowing
A: venomous fangs, tiny, sense surroundings 1, otherworldly, glowing, explore
regen
a: End Transformation


You were on level 4 of the Dungeon.
You were a venomous arachnid creature.
You visited 1 branch of the dungeon, and saw 4 of its levels.

You collected 94 gold pieces.

Inventory:

Missiles
 e - 2 datura-tipped darts
 g - 19 stones
 r - a poisoned dart (quivered)
 t - 2 curare-tipped darts
Armour
 a - a +0 robe (melded)
 n - a +0 cloak (melded)
Jewellery
 i - an amulet of the acrobat (around neck)
Scrolls
 d - a scroll of identify {unknown}
 f - a scroll of amnesia {unknown}
 h - 3 scrolls of teleportation {unknown}
 k - a scroll of enchant weapon {unknown}
 m - 2 scrolls of fog {unknown}
 o - a scroll of poison {unknown}
 p - a scroll of enchant armour {unknown}
Potions
 b - 2 potions of lignification
 c - a potion of heal wounds {unknown}
 l - 3 potions of degeneration {unknown}
 q - a potion of curing {@q1}
 s - a potion of haste {@q3}


   Skills:
 - Level 1.1 Fighting
 - Level 2.4 Dodging
 - Level 4.7 Unarmed Combat
 - Level 3.0 Spellcasting
 + Level 5.5 Transmutations
 + Level 3.4 Ice Magic
 - Level 2.0 Poison Magic


You had 4 spell levels left.
You knew the following spells:

 Your Spells              Type           Power      Damage    Failure   Level
a - Beastly Appendage     Tmut           40%        N/A       8%          1
b - Spider Form           Tmut/Pois      14%        N/A       28%         3
c - Ice Form              Ice/Tmut       16%        N/A       52%         4

Your spell library contained the following spells:

 Spells                   Type           Power      Damage    Failure   Level
 Wereblood                Tmut           20%        N/A       11%         2
 Blink                    Tloc           4%         N/A       50%         2
 Tukima's Dance           Hex            2%         N/A       71%         3
 Manifold Assault         Tloc           2%         N/A       96%         4
 Passage of Golubria      Tloc           2%         N/A       96%         4
 Yara's Violent Unravell  Hex/Tmut       5%         3d4       95%         5
 Storm Form               Tmut/Air       5%         N/A       100%        7


Dungeon Overview and Level Annotations

Branches:
Dungeon (4/15) Zot: 745
 Temple: D:4-7

Altars:

Shops:
D:2 [


Innate Abilities, Weirdness & Mutations

You are a venomous arachnid creature.
You have venomous fangs.
You are tiny and dextrous.
Your spellcasting is less reliable in this form.
Your armour is entirely melded.
You are incapable of wielding weapons or throwing items.
You passively map a small area around you.
You are easily found by Zot.
You glow in the dark.
You regain HP and MP as you explore.


Message History

Your Ice Magic skill increases to level 3!
You hit the orc priest.
The orc priest is poisoned.
The orc priest is lightly wounded.
The iguana completely misses you.
The orc priest mumbles some strange prayers to Beogh against you.
Beogh smites you!
You bite the orc priest!
The orc priest looks as sick as possible!
The orc priest is severely wounded.
You kill the orc priest!
You hit the iguana.
The iguana is poisoned.
The iguana is moderately wounded.
The iguana completely misses you.
You hit the iguana but do no damage.
The iguana looks as sick as possible!
The iguana is moderately wounded.
The iguana closely misses you.
Your magical contamination has completely faded away.
You barely miss the iguana.
The iguana is severely wounded.
The iguana barely misses you. The orc completely misses you.
You hit the iguana but do no damage.
The iguana looks as sick as possible!
The iguana is severely wounded.
Your transformation has ended.
Your +0 cloak unmelds from your body.
Your +0 robe unmelds from your body.
The orc barely misses you. The iguana bites you!
* * * LOW HITPOINT WARNING * * *
Casting: Spider Form (dangerous; 12% risk of failure)
Confirm with . or Enter, or press ? or * to list all spells.
You turn into a venomous arachnid creature.
Your +0 cloak melds into your body.
Your +0 robe melds into your body.
You kill the iguana!
The orc wizard closely misses you. The orc barely misses you.
You have reached level 7!
You barely miss the orc wizard. The orc hits you but does no damage.
The orc wizard misses you.
You hit the orc wizard but do no damage.
The orc wizard is poisoned.
The orc misses you.
The orc wizard points at you and mumbles some strange words.
The magic dart hits you.
You die...

* ...o.o.........
...........g......$.. ,,
....#................
.........(o....(.....
.........o...........
..#.#..l.(o....$..... ,
..........(.......... ,
,..#.#......##o.......
..........#...>#so##.....
, .....#.......#.....#
,.## *
............####.### , *
.........#...##.... , ,
.........#..##...##..
.......###..#....## #..
........<.........# . ,
.......)...........
........[.......... * ,


You could see an orc wizard (very poisoned) and an orc.

Vanquished Creatures
  A phantom (D:3)
  A jelly (D:3)
  3 orc priests (D:4)
  An iguana (D:4)
  4 adders
  A worm (D:3)
  A dart slug (D:2)
  5 orcs
  A bat (D:3)
  5 endoplasms
  2 giant cockroaches
  4 goblins
  7 hobgoblins
  2 jackals (D:1)
  2 quokkas
  2 ball pythons (D:2)
  2 frilled lizards (D:2)
  4 kobolds
  4 rats
52 creatures vanquished.

Notes
Turn   | Place    | Note
-------+----------+-------------------------------------------
     0 | D:1      | Zenkrye the Meteoran Transmuter began the quest for the
                  | Orb.
     0 | D:1      | Reached XP level 1. HP: 16/16 MP: 5/5
   160 | D:1      | Reached XP level 2. HP: 11/23 MP: 4/6
   420 | D:2      | Reached XP level 3. HP: 28/28 MP: 6/8
   424 | D:2      | Learned a level 3 spell: Spider Form
   475 | D:2      | Reached skill level 1 in Poison Magic
   516 | D:2      | Reached XP level 4. HP: 35/35 MP: 9/9
   624 | D:2      | Found Welies's Armour Shoppe.
   663 | D:2      | Reached skill level 3 in Transmutations
  1113 | D:3      | Reached XP level 5. HP: 40/40 MP: 6/10
  1134 | D:3      | Learned a level 4 spell: Ice Form
  1431 | D:3      | Found a faded altar of an unknown god.
  1490 | D:4      | Noticed a phantom
  1523 | D:3      | Reached skill level 4 in Transmutations
  1523 | D:3      | Reached skill level 1 in Ice Magic
  1584 | D:3      | HP: 1/40 [phantom (4)]
  1589 | D:3      | Killed a phantom
  1590 | D:3      | Reached XP level 6. HP: 16/47 MP: 6/11
  1602 | D:4      | Reached skill level 5 in Transmutations
  1679 | D:4      | Reached XP level 7. HP: 4/52 MP: 4/12
  1680 | D:4      | Killed from afar by an orc wizard

Illustrated notes

Levels and vault maps discovered:
D:1:      tarquinn_simple_flora_water_b, layout_loops_ring,
          minmay_misc_feat_enclosed, minmay_tetromino_o2
D:2:      layout_rooms, serial_shops, nicolae_shop_behind_doors,
          minmay_misc_feat_doors
D:3:      layout_loops_ring, shapermc_ecumenical_altar_mp_highgroup
D:4:      layout_cave_pools, serial_glass, glass_columns_a, glass_columns_a,
          due_unseen_surprise, chequers_garden

Skill      XL: |  1  2  3  4  5  6 |
---------------+-------------------+-----
Unarmed Combat | 4 |  4.7
Spellcasting   | 3 |  3.0
Poison Magic   | 1 2 |  2.0
Transmutations | 3 4 5 |  5.5
Ice Magic      | 2 3 |  3.4
Fighting       | |  1.1
Dodging        | |  2.4

Action                     |  1- 3 |  4- 6 |  7- 9 || total
---------------------------+-------+-------+-------++-------
  Melee: Unarmed           |    50 |    77 |     2 ||   129
         Kick              |    10 |     3 |       ||    13
         Headbutt          |     2 |     2 |       ||     4
         Punch             |     1 |       |       ||     1
  Throw: Stone             |     6 |     7 |       ||    13
         Dart              |       |    18 |       ||    18
   Cast: Beastly Appendage |    17 |     5 |       ||    22
         Spider Form       |       |    10 |       ||    10
    Use: Potion            |       |     3 |       ||     3
         Scroll            |       |     1 |       ||     1
 Armour: Robe              |     5 |     2 |       ||     7
         Skin              |       |     2 |     1 ||     3
  Dodge: Dodged            |    25 |    46 |     2 ||    73

Table legend: (Time is in decaauts)
 A = Elapsed time spent in this place.
 B = Non-inter-level travel time spent in this place.
 C = Inter-level travel time spent in this place.
 D = Time resting spent in this place.
 E = Time spent auto-exploring this place.
 F = Levels seen in this place.
 G = Mean time per level.
                   A        B        C        D        E       F      G
               +--------+--------+--------+--------+--------+-----+--------+
         Total |   1654 |   1532 |    122 |     12 |   1124 |   4 |  413.5 |
       Dungeon |   1654 |   1532 |    122 |     12 |   1124 |   4 |  413.5 |
               +--------+--------+--------+--------+--------+-----+--------+

Top non-repeatable levels by time:
     D:3: 761 daAuts
     D:2: 485 daAuts
     D:1: 316 daAuts
     D:4: 91 daAuts
